 Dungeon Crawl Stone Soup version 0.28-a0-1518-gbe868bca14 (webtiles) character file.

Game seed: 8963721883200660040

7557 knot the Cleaver (level 10, -6/70 HPs)
             Began as a Demonspawn Berserker on Jan 17, 2022.
             Was an Elder of Trog.
             Mangled by a troll (9 damage)
             ... on level 10 of the Dungeon.
             The game lasted 00:19:02 (13985 turns).

knot the Cleaver (Demonspawn Berserker)            Turns: 13985, Time: 00:19:03

Health: -6/70      AC:  8    Str: 23    XL:     10   Next: 96%
Magic:  0/10       EV: 11    Int: 14    God:    Trog [****..]
Gold:   410        SH:  0    Dex: 20    Spells: 9/9 levels left

rFire   . . .      SeeInvis .   w - +3 war axe
rCold   . . .      Faith    .   (no shield)
rNeg    . . .      Spirit   +   h - +0 ring mail
rPois   .          Reflect  .   (no helmet)
rElec   .          Harm     .   (no cloak)
rCorr   .          Rampage  .   d - +0 pair of gloves
Will    .....                   s - +1 pair of boots {Fly}
Stlth   +.........              f - amulet of guardian spirit
HPRegen 0.21/turn               G - +6 ring of strength
MPRegen 0.12/turn               B - +6 ring of dexterity

@: flying
A: powered by death 2, big brain 1, demonic touch 1
a: Renounce Religion, Berserk, Trog's Hand, Brothers in Arms


You were on level 10 of the Dungeon.
You worshipped Trog.
Trog was greatly pleased with you.
You visited 1 branch of the dungeon, and saw 10 of its levels.
You also visited: Bailey.

You collected 410 gold pieces.

Inventory:

Hand Weapons
 b - a +0 broad axe
 w - a +3 war axe (weapon)
Missiles
 a - 14 boomerangs (quivered)
 c - 266 stones
 k - 4 javelins
 p - 2 datura-tipped darts
 q - 8 poisoned darts
 E - a silver boomerang
 H - 60 sling bullets
 I - 2 throwing nets
Armour
 d - a +0 pair of gloves (worn)
 h - a +0 ring mail (worn)
 s - a +1 pair of boots of flying (worn)
Jewellery
 f - an amulet of guardian spirit (around neck)
 B - a +6 ring of dexterity (right hand)
 F - the ring "Udiceo" {Fire rElec Str+4 Dex-5 Slay+3}
   (You found it on level 5 of the Dungeon)

   [ring of fire]

   It enhances your fire magic.
   Str:       It affects your strength (+4).
   Dex:       It affects your dexterity (-5).
   Slay:      It affects your accuracy & damage with ranged weapons and melee
   (+3).
   rF:        It protects you from fire.
   rC:        It makes you vulnerable to cold.
   rElec:     It insulates you from electricity.
 G - a +6 ring of strength (left hand)
Wands
 t - a wand of paralysis (12)
 D - a wand of digging (9)
 J - a wand of mindburst (10)
Scrolls
 e - a scroll of fog
 g - 2 scrolls of fear
 m - 2 scrolls of teleportation
 r - 4 scrolls of blinking {unknown}
 u - a scroll of noise
 y - 2 scrolls of immolation
 C - 7 scrolls of identify
 K - a scroll of enchant armour {unknown}
Potions
 i - a potion of attraction
 j - 2 potions of curing
 l - 2 potions of degeneration {unknown}
 n - 2 potions of flight
 o - 3 potions of heal wounds
 v - a potion of magic
 x - 3 potions of might {unknown}
 z - a potion of cancellation {unknown}
 A - 4 potions of lignification
 L - 2 potions of invisibility {unknown}
 M - a potion of haste {unknown}


   Skills:
 - Level 3.0 Fighting
 * Level 11.7 Axes
 * Level 10.5 Throwing
 - Level 1.7 Armour
 - Level 1.7 Dodging


You had 9 spell levels left.
You didn't know any spells.
Your spell library contained the following spells:

 Spells                   Type           Power      Damage    Failure   Level
 Sting                    Tmut/Pois      0%         1d3       41%         1
 Poisonous Vapours        Pois/Air       0%         N/A       56%         2
 Static Discharge         Conj/Air       0%         N/A       56%         2
 Confusing Touch          Hex            0%         N/A       80%         3
 Dispel Undead            Necr           0%         3d6       99%         4
 Olgreb's Toxic Radiance  Pois           0%         N/A       99%         4
 Sticky Flame             Conj/Fire      0%         2d3       99%         4
 Yara's Violent Unravell  Hex/Tmut       0%         3d3       100%        5
 Enfeeble                 Hex            0%         N/A       100%        7


Dungeon Overview and Level Annotations

Branches:
Dungeon (10/15)            Temple (0/1) D:5          Bailey (visited)
   Lair: D:8-11         Orc: D:9-12

Altars:
Elyvilon
Fedhas
Gozag
Hepliaklqana
Ru
Sif Muna
Trog
Uskayaw
Vehumet
Wu Jian
Xom
Yredelemnul
The Shining One


Innate Abilities, Weirdness & Mutations

You regenerate health from kills.
You have an unusually large brain. (Int +2)
Your touch may inflict minor irresistible damage on your foes.


Message History

A centaur is nearby!
The centaur wields a +0 shortbow.
The centaur shoots an arrow.
The arrow hits you!
The centaur shoots an arrow.
The arrow hits you.
There is an open door, spattered with blood here.
A troll comes into view.
The troll shouts!
The centaur shoots an arrow.
The arrow hits you!
Found a quarterstaff.
The centaur shoots an arrow.
The arrow hits you but does no damage.
The centaur shoots an arrow.
The arrow hits you!
Found a scroll of identify.
The centaur unwields a +0 shortbow.
The centaur barely misses you.
The centaur kicks you but does no damage.
You hit the centaur but do no damage. Your touch misses the centaur.
The centaur hits you.
The centaur kicks you but does no damage.
You completely miss the troll. You hit the centaur.
The centaur hits you but does no damage.
The centaur misses you. The troll bites you! The troll claws you!
* * * LOW HITPOINT WARNING * * *
The troll claws you but does no damage. The centaur hits you.
* * * LOW HITPOINT WARNING * * *
The centaur kicks you but does no damage.
The centaur wields a +0 shortbow.
The centaur shoots an arrow.
The arrow hits you!
* * * LOW HITPOINT WARNING * * *
The centaur shoots an arrow.
The arrow barely misses you.
There is an open door, spattered with blood here.
The centaur shoots an arrow.
The arrow misses you.
You fail to use your ability.
The troll completely misses you. The troll claws you but does no damage.
The troll claws you.
* * * LOW HITPOINT WARNING * * *
Unknown command.
You feel much better. The troll misses you. The troll claws you!
* * * LOW HITPOINT WARNING * * *
The troll claws you but does no damage.
You fail to use your ability.
The troll bites you!
* * * LOW HITPOINT WARNING * * *
The troll claws you!
You die...

#. #.# #..## ...
#####+#####
######.########........).
..........#..@Tc........?
............###..........
..........### #..........
..........# #..........
#######.### #..........
#..# #####+##### #.## #.#
#.#


You could see a troll and a centaur.

Vanquished Creatures
  Pikel (D:5)
  An orc knight (Bailey)
  5 centaur zombies
  The ghost of croobank the Covert, a novice GnDe of Hepliaklqana (D:6)
  A troll (D:9)
  Grinder (D:6)
  A wraith (D:9)
  10 yaks
  A wyvern (D:10)
  Edmund (D:6)
  Menkaure (D:5)
  A hornet zombie (D:8)
  An ice beast (D:6)
  2 sky beasts
  A black bear (D:5)
  8 orc warriors (Bailey)
  2 necrophages
  2 centaurs
  2 ogres (D:6)
  A lemure (D:5)
  2 bullfrogs
  A gnoll sergeant (D:9)
  3 scorpions
  A wyvern skeleton (D:5)
  4 killer bees (D:10)
  A water moccasin skeleton (D:6)
  3 wights (D:9)
  5 howler monkeys
  4 jellies
  4 hounds
  An orc priest (D:6)
  2 centaur skeletons
  A gnoll shaman (D:8)
  4 iguanas
  5 orc wizards
  A hound skeleton (D:4)
  A howler monkey zombie (D:9)
  11 gnolls
  10 adders
  A white imp (D:8)
  3 dart slugs
  18 orcs
  7 ball pythons
  A bat (D:2)
  8 endoplasms
  2 giant cockroaches
  12 goblins
  8 hobgoblins
  13 kobolds
  6 quokkas
  2 frilled lizards
  5 rats
194 creatures vanquished.

Notes
Turn   | Place    | Note
-------+----------+-------------------------------------------
     0 | D:1      | knot the Demonspawn Berserker began the quest for the Orb.
     0 | D:1      | Reached XP level 1. HP: 18/18 MP: 1/1
   427 | D:1      | Reached skill level 3 in Axes
   551 | D:1      | Gained mutation: Your touch may inflict minor irresistible
                  | damage on your foes. [demonic ancestry]
   551 | D:1      | Reached XP level 2. HP: 22/24 MP: 2/2
   588 | D:1      | Found a faded altar of an unknown god.
  1220 | D:2      | Reached XP level 3. HP: 27/29 MP: 3/3
  1727 | D:2      | Reached skill level 4 in Axes
  3159 | D:3      | Reached XP level 4. HP: 35/35 MP: 4/4
  3176 | D:3      | Found an ornate altar of the Wu Jian Council.
  4002 | D:3      | Reached skill level 5 in Axes
  4356 | D:4      | Noticed a scorpion
  4369 | D:4      | Killed a scorpion
  4370 | D:4      | Reached skill level 1 in Throwing
  4370 | D:4      | Reached XP level 5. HP: 28/41 MP: 3/5
  5195 | D:4      | Gained mutation: You regenerate a little health from kills.
                  | [demonic ancestry]
  5195 | D:4      | Reached XP level 6. HP: 40/47 MP: 3/6
  5398 | D:4      | Reached ** piety under Trog
  5703 | D:5      | Entered Level 5 of the Dungeon
  5703 | D:5      | You fall into a shaft and drop 2 floors!
  5703 | D:7      | Noticed a steam dragon
  5760 | D:7      | Found a flagged portal.
  5784 | D:7      | Reached skill level 6 in Axes
  5784 | D:7      | Reached XP level 7. HP: 21/52 MP: 3/7
  5952 | Bailey   | Entered a bailey
  6267 | Bailey   | Noticed an orc knight
  6335 | Bailey   | Killed an orc knight
  6336 | Bailey   | Reached skill level 7 in Axes
  6336 | Bailey   | Reached skill level 5 in Throwing
  6336 | Bailey   | Gained mutation: You have an unusually large brain. (Int
                  | +2) [demonic ancestry]
  6336 | Bailey   | Reached XP level 8. HP: 58/58 MP: 8/8
  6375 | Bailey   | Reached skill level 8 in Axes
  7209 | D:7      | Reached XP level 9. HP: 55/63 MP: 7/9
  7326 | D:6      | Found a runed translucent door.
  7326 | D:6      | Noticed croobank's ghost (novice GnDe)
  7455 | D:6      | Reached skill level 9 in Axes
  8008 | D:5      | Found a staircase to the Ecumenical Temple.
  8015 | D:5      | Reached *** piety under Trog
  8042 | D:5      | Identified the ring "Udiceo" {Fire rElec Str+4 Dex-5
                  | Slay+3}
  8161 | D:5      | Noticed Pikel
  8177 | D:5      | Killed Pikel
  8670 | D:5      | Noticed Menkaure
  8675 | D:5      | Killed Menkaure
  8686 | D:5      | Reached skill level 10 in Axes
  8973 | D:6      | Found a shimmering blue altar of Sif Muna.
  8973 | D:6      | Found a hide-covered altar of Uskayaw.
  8977 | D:6      | Found a blossoming altar of Fedhas.
  8979 | D:6      | Found a shimmering altar of Xom.
  8981 | D:6      | Found a bloodstained altar of Trog.
  9016 | D:6      | Found a hazy altar of Hepliaklqana.
  9016 | D:6      | Found a basalt altar of Yredelemnul.
  9018 | D:6      | Found an opulent altar of Gozag.
  9022 | D:6      | Found a radiant altar of Vehumet.
  9023 | D:6      | Found a sacrificial altar of Ru.
  9130 | D:6      | Noticed Grinder
  9136 | D:6      | Paralysed by Grinder for 4 turns
  9152 | D:6      | Killed Grinder
  9416 | D:6      | Gained mutation: You regenerate health from kills. [demonic
                  | ancestry]
  9416 | D:6      | Reached XP level 10. HP: 54/70 MP: 8/10
  9744 | D:6      | Noticed Edmund
  9759 | D:6      | Killed Edmund
  9945 | D:6      | Killed croobank's ghost
 11898 | D:9      | Reached skill level 11 in Axes
 12381 | D:9      | Identified the +1 robe "Laum Wea" {Int+2}
 12596 | D:9      | Reached skill level 10 in Throwing
 13176 | D:10     | Entered Level 10 of the Dungeon
 13222 | D:10     | Reached **** piety under Trog
 13985 | D:10     | HP: 3/70 [troll (15)]
 13985 | D:10     | Mangled by a troll

Illustrated notes

Levels and vault maps discovered:
D:1:      co_arrival_random_square_maze, layout_basic,
          hellmonk_ecumenical_altar_slurped_away
D:2:      layout_loops_corners
D:3:      minmay_octagon_keep, layout_basic, mainiacjoe_overflow_chevrons,
          minmay_misc_feat_chi, minmay_fractal_squares_gapless_5
D:4:      layout_rooms
D:5:      minmay_evil_eye, layout_loops_ring, minmay_temple_entry_tees,
          uniq_menkaure, uniq_pikel
D:6:      layout_loops_ring, nicolae_overflow_hallway_of_the_gods,
          hellmonk_ghost_happy_afterlife, uniq_edmund, uniq_grinder
D:7:      layout_basic, nicolae_tso_carved_into_rock, enter_bailey_3
D:8:      layout_layer_cave
D:9:      layout_loops_corners
D:10:     layout_roguey, gammafunk_ghost_smash

Skill      XL: |  1  2  3  4  5  6  7  8  9 10 |
---------------+-------------------------------+-----
Axes           | 3 4 5 6 7 8 10 11 | 11.7
Throwing       | 1 2 3 5 6 8 10 | 10.5
Fighting       | |  3.0
Armour         | |  1.7
Dodging        | |  1.7

Action                   |  1- 3 |  4- 6 |  7- 9 | 10-12 || total
-------------------------+-------+-------+-------+-------++-------
Melee: Hand axe          |   126 |   134 |    16 |       ||   276
       Touch             |       |    14 |    36 |    43 ||    93
       Broad axe         |       |       |    28 |       ||    28
       War axe           |       |       |   159 |   200 ||   359
       Punch             |       |       |     2 |     5 ||     7
Throw: Dart              |       |    13 |    11 |     7 ||    31
       Boomerang         |       |       |    99 |     6 ||   105
       Stone             |       |       |     8 |       ||     8
Invok: Berserk           |     1 |     7 |     2 |     3 ||    13
       Trog's Hand       |       |       |     1 |       ||     1
Evoke: Wand              |       |     2 |     2 |       ||     4
  Use: Scroll            |       |     4 |     6 |       ||    10
       Potion            |       |       |     4 |     1 ||     5
 Stab: Sleeping          |     3 |     3 |       |       ||     6
       Paralysed         |       |     1 |     4 |       ||     5
Armor: Animal skin       |    26 |    34 |     1 |       ||    61
       Ring mail         |       |       |    69 |    68 ||   137
Dodge: Dodged            |    92 |    98 |    93 |    87 ||   370

Table legend: (Time is in decaauts)
 A = Elapsed time spent in this place.
 B = Non-inter-level travel time spent in this place.
 C = Inter-level travel time spent in this place.
 D = Time resting spent in this place.
 E = Time spent auto-exploring this place.
 F = Levels seen in this place.
 G = Mean time per level.
                   A        B        C        D        E       F      G
               +--------+--------+--------+--------+--------+-----+--------+
         Total |  14132 |  13713 |    419 |   4206 |   7811 |  11 | 1284.7 |
       Dungeon |  13160 |  12741 |    419 |   3937 |   7459 |  10 | 1316.0 |
        Bailey |    972 |    972 |      0 |    269 |    352 |   1 |  972.0 |
               +--------+--------+--------+--------+--------+-----+--------+

Top non-repeatable levels by time:
     D:9: 2087 daAuts
     D:3: 1857 daAuts
     D:6: 1747 daAuts
     D:2: 1483 daAuts
     D:8: 1355 daAuts
     D:4: 1317 daAuts
     D:1: 1156 daAuts
  Bailey: 972 daAuts
     D:5: 956 daAuts
     D:7: 675 daAuts
    D:10: 523 daAuts
